 Dungeon Crawl Stone Soup version 0.32-a0-886-g41c5271027 (webtiles) character file.

Game seed: 5352895312479687209

15423 Drazool the Thaumaturge (level 12, -11/94 HPs)
             Began as a Djinni Fire Elementalist on Apr 1, 2024.
             Was a High Priest of Ashenzari.
             Mangled by a komodo dragon (24 damage)
             ... on level 10 of the Dungeon on Apr 2, 2024.
             The game lasted 00:36:29 (10207 turns).

Drazool the Thaumaturge (Djinni Fire Elementalist) Turns: 10207, Time: 00:36:30

Health: -11/94     AC:  7    Str:  7    XL:     12   Next: 57%
Gold:   731        EV: 15    Int: 20    God:    Ashenzari [*****.] SH:  0 Dex: 16

rFire   + + +        m - +2 falchion of the Wild Blue Yonder {elec, Self, Fort} (curse)
rCold   x . .        (no shield)
rNeg    + . .        u - +2 robe "I Knew You'd Do That" {rF+, Melee, Comp} (curse)
rPois   ∞            h - +1 hat of Ashenzari's Seeker {Range, Bglg} (curse)
rElec   .            H - +1 cloak "Shattered Embarrassment" {Sorc, Elem} (curse)
rCorr   .            (no gloves)
SInv    +            (boots unavailable)
Will    ++...        w - amulet of Ashenzari's Gloom {Regen+, Sorc, Elem} (curse)
Stlth   +++          W - ring "I Knew You'd Do That" {Will+, Elem, Bglg} (curse)
HPRegen 1.15/turn    N - ring of Curses and Power {rN+, Cun, Fort} (curse)
MPRegen 0.00/turn

%: clarity, infuse magic (-12 HP)
@: flying
A: sickness immunity, fire resistance 2, cold vulnerability 1, float, innate
caster, HP casting, extra vitality 1
a: Renounce Religion, Curse Item, Shatter the Chains


You were on level 10 of the Dungeon.
You worshipped Ashenzari.
Ashenzari was extremely pleased with you.
You visited 3 branches of the dungeon, and saw 12 of its levels.
You also visited: Sewer and Ossuary.

You collected 731 gold pieces.


Innate Abilities, Weirdness & Mutations

You are immune to sickness and miasma.
You are immune to poison.
Your flesh is very heat resistant. (rF++)
You are vulnerable to cold. (rC-)
You float through the air rather than walking.
You learn spells naturally, not from books.
Your magical power is your life essence.
You have superior vitality. (+4 MHP)


   Skills:
 - Level 8.8(11.0) Fighting
 + Level 4.8(6.8) Long Blades
 - Level 4.1(7.0) Armour
 - Level 5.8(8.0) Dodging
 - Level 4.0(6.0) Stealth
 - Level 11.9(14.0) Spellcasting
 - Level 11.9(15.0) Conjurations
 - Level 11.9(15.0) Hexes
 - Level 11.9(14.0) Summonings
 - Level 11.9(14.0) Necromancy
 - Level 11.9(15.0) Translocations
 - Level 11.9(16.0) Fire Magic
 - Level 11.9(16.0) Ice Magic
 - Level 11.9(16.0) Air Magic
 - Level 11.9(16.0) Earth Magic
 - Level 11.9(15.0) Alchemy
 - Level 3.0 Evocations


You knew the following spells:

 Your Spells              Type           Power      Damage    Failure   Level
a - Mercury Vapours       Alch/Air       100%       N/A       0%          2
b - Maxwell's Portable P  Tloc           65%        2d(11-33) 1%          3
e - Ensorcelled Hibernat  Hex/Ice        100%       N/A       0%          2
f - Foxfire               Conj/Fire      100%       2x1d9     0%          1
p - Petrify               Alch/Erth      66%        N/A       1%          4
r - Inner Flame           Hex/Fire       66%        N/A       1%          3
z - Sting                 Conj/Alch      100%       1d9       0%          1
X - Scorch                Fire           100%       2d9       0%          2
Y - Volatile Blastmotes   Fire/Tloc      100%       2d18      1%          3
Z - Flame Wave            Conj/Fire      66%        2d15      1%          4
Your spell library was empty.

Inventory:

Hand Weapons
 m - the cursed +2 falchion of the Wild Blue Yonder (weapon) {elec, Self, Fort}
   (You found it on level 3 of the Dungeon)

   It has a curse which improves the following skills: Introspection: Fighting
   and Spellcasting.
   Fortitude: Armour and Shields.
Missiles
 c - a curare-tipped dart {=f}
 p - 35 poisoned darts
Armour
 h - the cursed +1 hat of Ashenzari's Seeker (worn) {Range, Bglg}
   (You found it on level 1 of the Dungeon)

   It has a curse which improves the following skills: Ranged Combat: Ranged
   Weapons and Throwing.
   Beguiling: Hexes and Translocations.
 l - the +8 chain mail of Greed {rF+ rC+ Regen+ rCorr Str-3}
   (You found it on level 3 of the Dungeon)

   Str-3:     It affects your strength (-3).
   rF+:       It protects you from fire.
   rC+:       It protects you from cold.
   Regen+:    It increases your rate of health regeneration.
   rCorr:     It protects you from acid and corrosion.
 u - the cursed +2 robe "I Knew You'd Do That" (worn) {rF+, Melee, Comp}
   (You took it off Blork the orc on level 4 of the Dungeon)

   It has a curse which improves the following skills: Melee Combat: Short
   Blades, Long Blades, Axes, Maces & Flails, Polearms, Staves and Unarmed
   Combat.
   Companions: Summonings and Necromancy.
 H - the cursed +1 cloak "Shattered Embarrassment" (worn) {Sorc, Elem}
   (You took it off Maurice on level 9 of the Dungeon)

   It has a curse which improves the following skills: Sorcery: Conjurations and
   Alchemy.
   Elements:  Fire Magic, Ice Magic, Air Magic and Earth Magic.
Jewellery
 f - a ring of protection from fire
 w - the cursed amulet of Ashenzari's Gloom (around neck) {Regen+, Sorc, Elem}
   (You found it on level 4 of the Dungeon)

   [amulet of regeneration]

   Regen+:    It increases your rate of health regeneration.
   It has a curse which improves the following skills: Sorcery: Conjurations and
   Alchemy.
   Elements:  Fire Magic, Ice Magic, Air Magic and Earth Magic.
 F - a ring of fire
 J - a ring of fire
 N - the cursed ring of Curses and Power (right hand) {rN+, Cun, Fort}
   (You found it on level 5 of the Dungeon)

   [ring of positive energy]

   rN+:       It protects you from negative energy.
   It has a curse which improves the following skills: Cunning: Dodging and
   Stealth.
   Fortitude: Armour and Shields.
 S - a +6 ring of strength
 W - the cursed ring "I Knew You'd Do That" (left hand) {Will+, Elem, Bglg}
   (You found it on level 5 of the Dungeon)

   [ring of willpower]

   Will+:     It increases your willpower.
   It has a curse which improves the following skills: Elements: Fire Magic, Ice
   Magic, Air Magic and Earth Magic.
   Beguiling: Hexes and Translocations.
Wands
 a - a wand of warping (3)
 k - a wand of polymorph (13)
 x - a wand of flame (33)
 I - a wand of light (6)
 K - a wand of mindburst (6)
Scrolls
 d - 7 scrolls of teleportation {@r2}
 e - a scroll of vulnerability
 g - 4 scrolls of blinking
 o - 2 scrolls of revelation
 q - 6 scrolls of fog
 r - 2 scrolls of fear
 s - 2 scrolls of immolation
 t - 4 scrolls of enchant weapon
 y - 3 scrolls of noise
 z - a scroll of butterflies
 C - 2 scrolls of poison
Potions
 b - 8 potions of heal wounds {@q2}
 i - 3 potions of resistance
 j - 9 potions of curing {@q1}
 n - 2 potions of enlightenment
 v - a potion of haste {@q3}
 A - 3 potions of brilliance
 B - 5 potions of might
 D - 2 potions of ambrosia
 E - a potion of mutation
 G - a potion of berserk rage {!q}

Dungeon Overview and Level Annotations

Branches:
Dungeon (10/15)            Temple (1/1) D:4            Lair (1/5) D:10
    Orc (0/2) D:9           Sewer (visited)         Ossuary (visited)

Altars:
Ashenzari
Cheibriados
Dithmenos
Elyvilon
Fedhas
Gozag
Hepliaklqana
Makhleb
Nemelex Xobeh
Okawaru
Qazlal
Ru
Trog
Uskayaw
Wu Jian
Xom
Yredelemnul
Zin
The Shining One

Shops:
D:10 *

Annotations:
Lair:1 Erica

#.......# #.....#... # #.......#
#.....#... # ##.......#
#.....#... # #........#
#.....#...
#######....###.#########.....#...
...........#.#..............##...
#######..........................
......#......~§§..§.~............
......#........§@.§~~~~~..~~≈....
......#####....§l§§≈Y≈≈≈≈~~≈≈~...
.......)..)...§.§§§~.~~~≈≈≈≈~~~..
........).)....~)≈..~...~≈≈≈.....
.....▒▒▒▒.▒.~≈≈.~~≈.....~~~÷~~~..
.....▒ ▒.▒...~~~≈..>............
.....▒ ▒.....~≈≈~~..†.≈.~≈~~~~..
.....▒ ▒▒....~~≈≈.≈~~~~~~≈≈≈≈~..
.....▒ ▒▒....~≈≈~~≈≈≈≈≈.~~≈≈...


You could see a death yak and a komodo dragon.


Message History

There is a staircase to the Lair here.
Unknown command.
The death yak attacks as it pursues you!
The death yak closely misses you.
The komodo dragon attacks as it pursues you!
The komodo dragon closely misses you. The death yak completely misses you.
Items here: )) ÷÷÷.
The komodo dragon misses you. The komodo dragon closely misses you.
The death yak attacks as it pursues you!
The death yak gores you!
* * * LOW HITPOINT WARNING * * *
Casting: Foxfire (safe; 0% risk of failure)
Confirm with . or Enter, or press ? or * to list all spells.
Casting: Flame Wave (safe; 1% risk of failure)
Press: ? - help, Dir - look around, f - activate A wave of flame ripples out!
The flame wave engulfs the komodo dragon!
The komodo dragon is moderately wounded. (Press . to intensify the flame waves.)
* * * LOW HITPOINT WARNING * * *
The komodo dragon bites you!
* * * LOW HITPOINT WARNING * * *
A wave of flame ripples out!
The flame wave engulfs the komodo dragon but does no damage.
The komodo dragon is moderately wounded.
* * * LOW HITPOINT WARNING * * *
The komodo dragon is engulfed in a cloud of scalding steam.
The komodo dragon bites you!!
You die...

Skill      XL: |  1  2  3  4  5  6  7  8  9 10 11 12 |
---------------+-------------------------------------+-----
Spellcasting   | 4 5 7 8 9 11 | 11.9
Conjurations   | 4 5 7 8 9 11 | 11.9
Hexes          | 4 5 7 8 9 11 | 11.9
Summonings     | 4 5 7 8 9 11 | 11.9
Necromancy     | 4 5 7 8 9 11 | 11.9
Translocations | 4 5 7 8 9 11 | 11.9
Fire Magic     | 4 5 7 8 9 11 | 11.9
Ice Magic      | 4 5 7 8 9 11 | 11.9
Air Magic      | 4 5 7 8 9 11 | 11.9
Earth Magic    | 4 5 7 8 9 11 | 11.9
Alchemy        | 4 5 7 8 9 11 | 11.9
Fighting       | 1 3 4 5 7 8 |  8.8
Stealth        | 2 3 4 |  4.0
Dodging        | 3 4 5 |  5.8
Evocations     | 3 |  3.0
Armour         | 3 4 |  4.1
Long Blades    | 4 |  4.8

Action                     |  1- 3 |  4- 6 |  7- 9 | 10-12 || total
---------------------------+-------+-------+-------+-------++-------
  Melee: Unarmed           |     1 |       |       |       ||     1
         Falchion          |       |     3 |     9 |    12 ||    24
   Cast: Foxfire           |    53 |    99 |   183 |   179 ||   514
         Scorch            |     2 |    29 |    38 |    44 ||   113
         Volatile Blastmot |       |       |     9 |    17 ||    26
         Mercury Vapours   |       |       |     4 |       ||     4
         Flame Wave        |       |       |     7 |    33 ||    40
         Maxwell's Portabl |       |       |     4 |     4 ||     8
         Petrify           |       |       |       |     2 ||     2
 Invoke: Curse Item        |       |       |     2 |     5 ||     7
  Evoke: Wand              |       |       |       |     6 ||     6
    Use: Scroll            |       |     3 |     2 |     1 ||     6
   Stab: Sleeping          |       |       |       |     1 ||     1
         Petrified         |       |       |       |     6 ||     6
 Armour: Robe              |     8 |    14 |    26 |    83 ||   131
  Dodge: Dodged            |     5 |    10 |    19 |    79 ||   113

Levels and vault maps discovered:
D:1:      nzn_arrival_settlement, layout_basic
D:2:      layout_basic, nicolae_ecumenical_oubliette, minmay_domino_2
D:3:      layout_rooms, minmay_randomly_rotated_circles, uniq_jessica,
          uniq_natasha
D:4:      layout_basic, minmay_overflow_temple_hex,
          minmay_temple_entry_statues_pillars, gup_sewer_entry_spiral,
          corner_web_ring, kennysheep_potato, uniq_blork_the_orc
D:5:      layout_loops_corners, amcnicky_altar_gilded
D:6:      layout_basic, nicolae_dithmenos_through_a_glass_darkly,
          nicolae_ossuary_entry_giza
D:7:      layout_cave_pools, serial_park, serial_park_tiny_1,
          serial_park_square1 [serial_park_minivault_5x5_2],
          serial_park_tiny_pond, serial_park_square2, minmay_gold_behind_fungi
D:8:      layout_basic
D:9:      layout_basic, david_orc_4, uniq_maurice, uniq_erolcha
D:10:     layout_irregular_city, marbit_many_paths, erik_lair_island,
          nicolae_evil_shop
Temple:   nicolae_temple_god_jail
Lair:1:   layout_chaotic_city, gammafunk_ghost_abyssal_escape,
          lemuel_fruit_tree, infiniplex_staircase_pool, uniq_erica

Notes
Turn   | Place    | Note
-------+----------+-------------------------------------------
     0 | D:1      | Drazool the Djinni Fire Elementalist began the quest for
                  | the Orb.
     0 | D:1      | Drazool set off with the following spells memorised:
                  | Foxfire, Scorch, Volatile Blastmotes, Inner Flame, Flame
                  | Wave.
     0 | D:1      | Reached XP level 1. HP: 15/15 MP: 0/0
   133 | D:1      | Reached XP level 2. HP: 21/21 MP: 0/0
   397 | D:1      | Reached XP level 3. HP: 23/25 MP: 0/0
   397 | D:1      | Learned a level 1 spell: Sting
   872 | D:1      | Reached skill level 4 in Spellcasting
   872 | D:1      | Reached skill level 4 in Conjurations
   872 | D:1      | Reached skill level 4 in Hexes
   872 | D:1      | Reached skill level 4 in Summonings
   872 | D:1      | Reached skill level 4 in Necromancy
   872 | D:1      | Reached skill level 4 in Translocations
   872 | D:1      | Reached skill level 4 in Fire Magic
   872 | D:1      | Reached skill level 4 in Ice Magic
   872 | D:1      | Reached skill level 4 in Air Magic
   872 | D:1      | Reached skill level 4 in Earth Magic
   872 | D:1      | Reached skill level 4 in Alchemy
  1082 | D:2      | Found a faded altar of an unknown god.
  1116 | D:2      | Reached XP level 4. HP: 29/31 MP: 0/0
  1470 | D:2      | Reached XP level 5. HP: 26/35 MP: 0/0
  1470 | D:2      | Learned a level 2 spell: Ensorcelled Hibernation
  1846 | D:3      | Noticed Natasha
  1849 | D:3      | Noticed Jessica
  1850 | D:3      | Killed Natasha
  1851 | D:3      | Reached skill level 5 in Spellcasting
  1851 | D:3      | Reached skill level 5 in Conjurations
  1851 | D:3      | Reached skill level 5 in Hexes
  1851 | D:3      | Reached skill level 5 in Summonings
  1851 | D:3      | Reached skill level 5 in Necromancy
  1851 | D:3      | Reached skill level 5 in Translocations
  1851 | D:3      | Reached skill level 5 in Fire Magic
  1851 | D:3      | Reached skill level 5 in Ice Magic
  1851 | D:3      | Reached skill level 5 in Air Magic
  1851 | D:3      | Reached skill level 5 in Earth Magic
  1851 | D:3      | Reached skill level 5 in Alchemy
  1851 | D:3      | Reached skill level 1 in Fighting
  1870 | D:3      | Killed Jessica
  1871 | D:3      | Reached XP level 6. HP: 33/43 MP: 0/0
  1933 | D:3      | Identified the +8 chain mail of Greed {rF+ rC+ Regen+ rCorr
                  | Str-3}
  2026 | D:3      | Noticed Natasha
  2030 | D:3      | Killed Natasha
  2031 | D:3      | Reached skill level 2 in Fighting
  2398 | D:3      | Noticed Natasha
  2401 | D:3      | Killed Natasha
  2402 | D:3      | Reached skill level 3 in Fighting
  2610 | D:4      | Reached skill level 2 in Stealth
  2699 | D:4      | Found a glowing drain.
  2703 | Sewer    | Entered a sewer
  2778 | Sewer    | Reached skill level 3 in Dodging
  2778 | Sewer    | Reached XP level 7. HP: 45/50 MP: 0/0
  2778 | Sewer    | Learned a level 2 spell: Mercury Vapours
  2930 | Sewer    | Reached skill level 4 in Dodging
  2946 | Sewer    | Reached skill level 2 in Evocations
  2967 | Sewer    | Reached skill level 3 in Evocations
  3054 | Sewer    | Reached XP level 8. HP: 53/56 MP: 0/0
  3591 | D:4      | Reached skill level 6 in Spellcasting
  3591 | D:4      | Reached skill level 6 in Conjurations
  3591 | D:4      | Reached skill level 6 in Hexes
  3591 | D:4      | Reached skill level 6 in Summonings
  3591 | D:4      | Reached skill level 6 in Necromancy
  3591 | D:4      | Reached skill level 6 in Translocations
  3591 | D:4      | Reached skill level 6 in Fire Magic
  3591 | D:4      | Reached skill level 6 in Ice Magic
  3591 | D:4      | Reached skill level 6 in Air Magic
  3591 | D:4      | Reached skill level 6 in Earth Magic
  3591 | D:4      | Reached skill level 6 in Alchemy
  3927 | D:4      | Noticed Blork the orc
  4083 | D:4      | Killed Blork the orc
  4195 | D:4      | Found a staircase to the Ecumenical Temple.
  4206 | Temple   | Entered the Ecumenical Temple
  4353 | D:4      | Identified 3 potions of resistance
  4545 | D:4      | Found an opulent altar of Gozag.
  4545 | D:4      | Found a broken altar of Ashenzari.
  4552 | D:4      | Found a glowing golden altar of the Shining One.
  4554 | D:4      | Became a worshipper of Ashenzari the Shackled
  4558 | D:4      | Found a hazy altar of Hepliaklqana.
  4623 | D:5      | Entered Level 5 of the Dungeon
  5016 | D:5      | Reached skill level 7 in Spellcasting
  5016 | D:5      | Reached skill level 7 in Conjurations
  5016 | D:5      | Reached skill level 7 in Hexes
  5016 | D:5      | Reached skill level 7 in Summonings
  5016 | D:5      | Reached skill level 7 in Necromancy
  5016 | D:5      | Reached skill level 7 in Translocations
  5016 | D:5      | Reached skill level 7 in Fire Magic
  5016 | D:5      | Reached skill level 7 in Ice Magic
  5016 | D:5      | Reached skill level 7 in Air Magic
  5016 | D:5      | Reached skill level 7 in Earth Magic
  5016 | D:5      | Reached skill level 7 in Alchemy
  5185 | D:5      | Found a blossoming altar of Fedhas.
  5304 | D:5      | Reached skill level 4 in Fighting
  5426 | D:6      | Reached XP level 9. HP: 57/62 MP: 0/0
  5426 | D:6      | Learned a level 3 spell: Maxwell's Portable Piledriver
  5430 | D:6      | Reached skill level 2 in Armour
  5495 | D:6      | Found a sand-covered staircase.
  5506 | Ossuary  | Entered an ossuary
  5601 | Ossuary  | Reached * piety under Ashenzari
  5659 | Ossuary  | Reached skill level 8 in Spellcasting
  5659 | Ossuary  | Reached skill level 8 in Conjurations
  5659 | Ossuary  | Reached skill level 8 in Hexes
  5659 | Ossuary  | Reached skill level 8 in Summonings
  5659 | Ossuary  | Reached skill level 8 in Necromancy
  5659 | Ossuary  | Reached skill level 8 in Translocations
  5659 | Ossuary  | Reached skill level 8 in Fire Magic
  5659 | Ossuary  | Reached skill level 8 in Ice Magic
  5659 | Ossuary  | Reached skill level 8 in Air Magic
  5659 | Ossuary  | Reached skill level 8 in Earth Magic
  5659 | Ossuary  | Reached skill level 8 in Alchemy
  5681 | Ossuary  | Reached skill level 3 in Armour
  5723 | Ossuary  | Reached skill level 5 in Dodging
  5770 | Ossuary  | Reached skill level 3 in Stealth
  5935 | D:6      | Noticed a hornet
  5943 | D:6      | Killed a hornet
  5944 | D:6      | Reached skill level 5 in Fighting
  5944 | D:6      | Reached XP level 10. HP: 68/71 MP: 0/0
  5993 | D:6      | Reached skill level 6 in Fighting
  6170 | D:6      | Reached ** piety under Ashenzari
  6299 | D:6      | Found a shadowy altar of Dithmenos.
  6746 | D:7      | Reached *** piety under Ashenzari
  7240 | D:8      | Identified the +2 leather armour of Disappointment {-Tele
                  | Regen+ SInv}
  7253 | D:8      | Reached skill level 9 in Spellcasting
  7253 | D:8      | Reached skill level 9 in Conjurations
  7253 | D:8      | Reached skill level 9 in Hexes
  7253 | D:8      | Reached skill level 9 in Summonings
  7253 | D:8      | Reached skill level 9 in Necromancy
  7253 | D:8      | Reached skill level 9 in Translocations
  7253 | D:8      | Reached skill level 9 in Fire Magic
  7253 | D:8      | Reached skill level 9 in Ice Magic
  7253 | D:8      | Reached skill level 9 in Air Magic
  7253 | D:8      | Reached skill level 9 in Earth Magic
  7253 | D:8      | Reached skill level 9 in Alchemy
  7437 | D:8      | Reached **** piety under Ashenzari
  7476 | D:8      | Noticed a two-headed ogre
  7507 | D:8      | Killed a two-headed ogre
  7514 | D:8      | Reached skill level 7 in Fighting
  8110 | D:8      | Reached XP level 11. HP: 45/84 MP: 0/0
  8110 | D:8      | Learned a level 4 spell: Petrify
  8155 | D:9      | Reached skill level 10 in Spellcasting
  8155 | D:9      | Reached skill level 10 in Conjurations
  8155 | D:9      | Reached skill level 10 in Hexes
  8155 | D:9      | Reached skill level 10 in Summonings
  8155 | D:9      | Reached skill level 10 in Necromancy
  8155 | D:9      | Reached skill level 10 in Translocations
  8155 | D:9      | Reached skill level 10 in Fire Magic
  8155 | D:9      | Reached skill level 10 in Ice Magic
  8155 | D:9      | Reached skill level 10 in Air Magic
  8155 | D:9      | Reached skill level 10 in Earth Magic
  8155 | D:9      | Reached skill level 10 in Alchemy
  8244 | D:9      | Noticed Maurice
  8271 | D:9      | Killed Maurice
  8349 | D:9      | Found a staircase to the Orcish Mines.
  8740 | D:9      | Reached skill level 11 in Spellcasting
  8740 | D:9      | Reached skill level 11 in Conjurations
  8740 | D:9      | Reached skill level 11 in Hexes
  8740 | D:9      | Reached skill level 11 in Summonings
  8740 | D:9      | Reached skill level 11 in Necromancy
  8740 | D:9      | Reached skill level 11 in Translocations
  8740 | D:9      | Reached skill level 11 in Fire Magic
  8740 | D:9      | Reached skill level 11 in Ice Magic
  8740 | D:9      | Reached skill level 11 in Air Magic
  8740 | D:9      | Reached skill level 11 in Earth Magic
  8740 | D:9      | Reached skill level 11 in Alchemy
  8978 | D:9      | Noticed Erolcha
  8997 | D:9      | Killed Erolcha
  9151 | D:10     | Entered Level 10 of the Dungeon
  9187 | D:10     | Reached ***** piety under Ashenzari
  9329 | D:10     | Reached skill level 8 in Fighting
  9373 | D:10     | Found a staircase to the Lair.
  9488 | D:10     | Found Kunytiyl's Blasphemy Boutique.
  9524 | D:10     | Upgraded the game from 0.32-a0-876-gcfddb08e57 to
                  | 0.32-a0-886-g41c5271027
  9624 | D:10     | Noticed a two-headed ogre
  9642 | D:10     | Killed a two-headed ogre
  9660 | D:10     | Noticed a two-headed ogre
  9661 | D:10     | Noticed a sixfirhy
  9670 | D:10     | Killed a two-headed ogre
  9671 | D:10     | Reached XP level 12. HP: 70/94 MP: 0/0
 10055 | Lair:1   | Entered Level 1 of the Lair of Beasts
 10059 | Lair:1   | Noticed Erica
 10061 | Lair:1   | Reached skill level 4 in Armour
 10061 | Lair:1   | Reached skill level 4 in Stealth
 10063 | Lair:1   | Reached skill level 1 in Long Blades
 10068 | Lair:1   | Reached skill level 2 in Long Blades
 10070 | Lair:1   | Noticed a death yak
 10071 | Lair:1   | Reached skill level 3 in Long Blades
 10121 | Lair:1   | Noticed a death yak
 10122 | Lair:1   | Noticed a death yak
 10169 | D:10     | Killed a death yak
 10170 | D:10     | Reached skill level 4 in Long Blades
 10173 | D:10     | Killed a death yak
 10196 | Lair:1   | Noticed a death yak
 10197 | Lair:1   | Noticed a death yak
 10207 | D:10     | Mangled by a komodo dragon

Vanquished Creatures
  Erolcha (D:9)
  3 two-headed ogres
  2 death yaks (D:10)
  Maurice (D:9)
  A kobold demonologist (D:10)
  3 trolls
  3 hornets
  10 blink frogs
  A shadow (D:9)
  12 yaks
  A wraith (D:10)
  3 water moccasins
  A black bear (D:6)
  6 orc warriors
  2 sky beasts (D:6)
  2 crocodiles (Sewer)
  A centaur (D:7)
  4 wolves (D:10)
  4 ogres
  4 bullfrogs
  6 kobold brigands
  A gnoll sergeant (D:8)
  Blork the orc (D:4)
  7 scorpions
  11 wights
  12 killer bees
  3 electric eels (D:10)
  A bombardier beetle (D:5)
  6 centaur zombies (Ossuary)
  A gnoll bouda (D:9)
  3 jellies
  5 orc priests
  5 hounds
  6 human zombies (Ossuary)
  Jessica (D:3)
  3 sleepcaps
  2 iguanas
  A scorpion zombie (Ossuary)
  Natasha (thrice) (D:3)
  7 orc wizards
  4 mummies
  11 gnolls
  9 adders
  7 river rats
  2 shadow imps
  2 adder zombies (Ossuary)
  3 ribbon worms
  A dart slug (D:2)
  26 orcs
  13 ball pythons
  3 endoplasms
  5 giant cockroaches
  2 gnoll zombies (Ossuary)
  5 hobgoblins
  7 jackals
  5 quokkas
  3 ball python zombies (Ossuary)
  8 bats
  7 frilled lizards
  11 goblins
  2 goblin zombies (D:6)
  A jackal zombie (Ossuary)
  17 kobolds
  An orc zombie (Ossuary)
  11 rats
316 creatures vanquished.

Vanquished Creatures (collateral kills)
  22 foxfires (Sewer)
22 creatures vanquished.

Vanquished Creatures (others)
  843 foxfires
843 creatures vanquished.

Grand Total: 1181 creatures vanquished

Table legend: (Time is in decaauts)
 A = Elapsed time spent in this place.
 B = Non-inter-level travel time spent in this place.
 C = Inter-level travel time spent in this place.
 D = Time resting spent in this place.
 E = Time spent auto-exploring this place.
 F = Levels seen in this place.
 G = Mean time per level.
                   A        B        C        D        E       F      G
               +--------+--------+--------+--------+--------+-----+--------+
         Total |  10215 |   9957 |    258 |    529 |   7224 |  14 |  729.6 |
       Dungeon |   9169 |   8912 |    257 |    515 |   6657 |  10 |  916.9 |
        Temple |      1 |      1 |      0 |      0 |      0 |   1 |    1.0 |
          Lair |     21 |     21 |      0 |      0 |      0 |   1 |   21.0 |
         Sewer |    706 |    706 |      0 |      0 |    458 |   1 |  706.0 |
       Ossuary |    315 |    315 |      0 |     14 |    109 |   1 |  315.0 |
               +--------+--------+--------+--------+--------+-----+--------+

Top non-repeatable levels by time:
     D:4: 1350 daAuts
     D:1: 1081 daAuts
     D:8: 1054 daAuts
    D:10: 1036 daAuts
     D:9: 980 daAuts
     D:6: 905 daAuts
     D:3: 787 daAuts
     D:5: 787 daAuts
   Sewer: 706 daAuts
     D:2: 696 daAuts
     D:7: 489 daAuts
 Ossuary: 315 daAuts
  Lair:1: 21 daAuts
  Temple: 1 daAuts

Table legend:
 A = Non-vault XP
 B = Vault XP
 C = Vault XP percentage of total XP
 D = Non-vault monster count
 E = Vault monster count
 F = Vault count percentage of total count
                 A         B        C        D         E       F
            +---------+---------+-------+---------+---------+-------
      Total |   16958 |    5075 |  23.0 |     207 |     109 |  34.5
            +---------+---------+-------+---------+---------+-------
        D:1 |      54 |       0 |   0.0 |      33 |       0 |   0.0
        D:2 |      90 |       4 |   4.3 |      22 |       2 |   8.3
        D:3 |     141 |      99 |  41.2 |      15 |       8 |  34.8
        D:4 |     392 |     151 |  27.8 |      21 |      11 |  34.4
        D:5 |     386 |       0 |   0.0 |       6 |       0 |   0.0
        D:6 |    1271 |      20 |   1.5 |      13 |       3 |  18.8
        D:7 |     815 |       0 |   0.0 |      11 |       0 |   0.0
        D:8 |    1984 |     129 |   6.1 |      23 |       1 |   4.2
        D:9 |    2300 |    1895 |  45.2 |      25 |      17 |  40.5
       D:10 |    6972 |     984 |  12.4 |      28 |       8 |  22.2
     Lair:1 |    2553 |       0 |   0.0 |      10 |       0 |   0.0
      Sewer |       0 |     650 | 100.0 |       0 |      28 | 100.0
    Ossuary |       0 |    1143 | 100.0 |       0 |      31 | 100.0
            +---------+---------+-------+---------+---------+-------
